Map: Inside and Out

Players

ForGlory - Winner!

  • Race: Protoss Protoss
  • Spawn Location: 1:00

VolleMelk

  • Race: Terran Terran
  • League: Bronze
  • Spawn Location: 7:00

VOD

Have the link to the VOD?

Description

Time

  • Played on: July 23, 2022, 2:50 a.m.
  • Length: 9:17
Show
View Real Time Build Order
Export as new Build Order

ForGlory Protoss - Winner!

Build Orders: 1 Gate Expand 

Get SALT Encoding   

  12  0:00  Probe  
  13  0:13  Probe  
  14  0:22  Pylon  
  14  0:25  Probe  
  15  0:40  Probe (Chrono Boost)  
  16  0:44  Gateway  
  16  0:50  Assimilator  
  16  0:52  Probe (Chrono Boost)  
  17  0:58  Probe (Chrono Boost)  
  18  1:07  Probe  
  19  1:19  Probe  
  20  1:31  Probe  
  21  1:41  Nexus  
  21  1:43  Probe  
  21  1:46  Cybernetics Core  
  22  1:55  Probe, Assimilator  
  22  1:57  Pylon  
  23  2:02  Pylon  
  22  2:09  Probe  
  23  2:21  Probe, Stalker (Chrono Boost)  
  24  2:22  Warp Gate  
  26  2:34  Probe  
  26  2:35  Robotics Facility  
  27  2:45  Stalker  
  27  2:46  Probe (Chrono Boost)  
  30  2:53  Probe (Chrono Boost)  
  30  2:58  Probe (Chrono Boost)  
  32  3:04  Probe (Chrono Boost)  
  33  3:06  Probe (Chrono Boost)  
  33  3:09  Probe (Chrono Boost)  
  33  3:10  Gateway  
  35  3:13  Gateway  
  35  3:15  Probe  
  36  3:20  Probe  
  36  3:23  Observer  
  38  3:27  Probe  
  38  3:32  Probe  
  40  3:39  Probe  
  41  3:43  Pylon  
  41  3:44  Probe  
  42  3:51  Probe  
  41  3:55  Pylon  
  41  3:56  Probe  
  41  3:58  Observer (Chrono Boost)  
  43  4:03  Probe  
  43  4:09  Probe  
  45  4:12  Immortal (Chrono Boost)  
  45  4:13  Gateway  
  45  4:14  Gateway  
  45  4:15  Pylon  
  49  4:20  Stalker x2  
  49  4:22  Sentry  
  55  4:28  Probe x2  
  57  4:35  Observer  
  57  4:40  Observer, Probe x2  
  57  4:44  Observer, Stalker x2  
  63  4:48  Immortal  
  63  4:49  Assimilator  
  63  4:52  Probe, Assimilator  
  68  5:03  Probe  
  68  5:04  Probe  
  70  5:13  Stalker x3  
  76  5:15  Probe  
  76  5:17  Probe  
  78  5:22  Nexus  
  78  5:23  Pylon  
  78  5:27  Observer  
  78  5:28  Pylon  
  78  5:34  Twilight Council  
  78  5:41  Probe  
  78  5:42  Forge  
  79  5:45  Gateway x2  
  79  5:50  Observer  
  79  5:53  Observer  
  79  5:55  Immortal (Chrono Boost)  
  79  6:00  Stalker  
  79  6:02  Stalker  
  87  6:14  Blink (Chrono Boost)  
  87  6:15  Protoss Ground Weapons Level 1 (Chrono Boost)  
  87  6:17  Stalker x3  
  93  6:32  Warp Prism (Chrono Boost), Pylon  
  93  6:34  Pylon  
  93  6:37  Pylon  
  88  7:25  Observer  
  87  7:31  Stalker x2  
  87  7:32  Stalker x5  
  87  7:35  Probe x2  
  87  7:36  Probe  
  104  7:44  Photon Cannon  
  104  7:46  Photon Cannon  
  104  7:47  Probe, Pylon  
  104  7:48  Probe, Photon Cannon  
  104  7:51  Shield Battery  
  106  7:58  Photon Cannon x2  
  106  7:59  Shield Battery  
  106  8:04  Gateway, Pylon  
  106  8:05  Gateway  
  106  8:10  Gateway  
  106  8:16  Gateway  
  99  8:47  Zealot x4  
  99  8:48  Stalker x3  
Show
View Real Time Build Order
Export as new Build Order

VolleMelk Terran 

Build Orders: Mech 

Get SALT Encoding   

  12  0:00  SCV  
  13  0:12  SCV  
  14  0:17  Supply Depot  
  14  0:24  SCV  
  15  0:30  Refinery  
  15  0:39  SCV  
  16  0:46  Barracks  
  16  0:57  Supply Depot  
  16  0:58  SCV  
  17  1:10  SCV  
  18  1:22  SCV  
  19  1:32  Supply Depot  
  19  1:34  SCV, Marine  
  19  1:36  Refinery  
  21  1:53  Marine  
  22  1:59  Factory  
  22  2:07  Orbital Command  
  22  2:18  Marine  
  23  2:22  Engineering Bay  
  23  2:28  Bunker  
  23  2:33  SCV  
  24  2:38  Marine  
  25  2:49  Widow Mine, Starport  
  27  3:05  SCV  
  27  3:12  Armory  
  28  3:17  SCV  
  29  3:27  Command Center  
  29  3:30  Starport Tech Lab  
  29  3:35  Widow Mine  
  29  3:36  SCV  
  32  3:48  Factory  
  32  4:07  SCV  
  32  4:09  Missile Turret  
  33  4:22  Supply Depot x2  
  33  4:30  SCV  
  34  4:32  Widow Mine, Refinery x2  
  34  4:35  Raven  
  34  4:37  Factory Tech Lab  
  38  4:42  SCV  
  39  4:54  SCV  
  40  5:00  Orbital Command  
  40  5:03  Missile Turret  
  40  5:06  Factory Reactor  
  42  5:07  Widow Mine  
  42  5:28  Raven  
  42  5:31  Widow Mine  
  42  5:33  SCV  
  47  5:36  Drilling Claws  
  47  5:48  SCV  
  48  5:50  SCV  
  48  5:53  Widow Mine  
  48  5:54  Widow Mine  
  53  6:00  SCV  
  54  6:11  Raven  
  54  6:17  Starport  
  56  6:21  Factory  
  56  6:29  Command Center  
  56  6:35  Widow Mine  
  56  6:36  Widow Mine x2  
  60  6:57  Widow Mine  
  62  7:04  Missile Turret  
  48  7:35  Factory Tech Lab  
  48  7:36  Siege Tank  
  51  7:37  Widow Mine x2  
  51  7:40  Starport Tech Lab  
  55  7:50  SCV  
  56  7:55  Barracks  
  56  7:57  Command Center  
  56  7:59  Widow Mine x2  
  56  8:00  Siege Tank  
  56  8:02  SCV  
  62  8:08  Siege Tank  
  64  8:14  SCV  
  54  8:54  Command Center  
  54  8:58  Missile Turret  
  54  8:59  Refinery x2  
  54  9:01  Missile Turret  
  51  9:04  Engineering Bay  
Tags
 
Composition
Mech
League
Bronze
Matchup
PvT
Spawn Locations
Cross Positions
Add a new tag
Caveats
  • Supply blocks, unpowered buildings, or Contaminate may cause inaccurate times.
  • Supply counts are checked every 10 seconds.